AoeStats
← tony le gros rou

Arena

507991146Analyzed
4v4 RM · 11d ago on Sep 20, 2026· 17m 25s· 8 players
Game mode
Random Map
Map size
Large (8 player)
Population
200
Speed
Normal
Resources
Standard
Victory
Conquest
Starting age
Dark Age
Ending age
Imperial Age
RankedLock teamsTeams togetherTeam positionsShared explorationLock speedFull tech treeHidden civsTurbo modeCheats
Victory
Defeat
🇩🇪 Gurjaras · Germany
1490
+13
🇫🇷 Britons · France
1415
+16
🇫🇷 Cumans · France
1368
+18
🇫🇷 Romans · France
1321
+19
🇩🇰 Bohemians · Denmark
1453
-18
🇦🇷 Mongols · Argentina
1403
-16
🇩🇪 Cumans · Germany
1402
-16
🇹🇼 Persians · Taiwan
1393
-16
lun
9:45 Feudal Age
14:19 Castle Age
12:54 Double-Bit Axe
12:53 Horse Collar
13:20 Loom
orangefaser
8:56 Feudal Age
10:09 Double-Bit Axe
10:07 Horse Collar
11:44 Wheelbarrow
19:35 Castle Age
Lord Longshaft
12:19 Feudal Age
13:29 Loom
13:36 Double-Bit Axe
16:46 Castle Age
15:21 Loom
tiberio
9:59 Feudal Age
8:16 Loom
11:29 Double-Bit Axe
13:49 Castle Age
11:55 Horse Collar
14:44 Bow Saw
16:08 Fletching
AstrowPro
9:40 Feudal Age
10:18 Double-Bit Axe
11:58 Loom
18:30 Wheelbarrow
Superbrasseur
9:33 Feudal Age
10:11 Double-Bit Axe
10:34 Man-at-Arms
12:34 Horse Collar
14:04 Scale Mail Armor
13:58 Loom
p0n0n0
9:16 Feudal Age
9:20 Loom
13:18 Castle Age
11:37 Double-Bit Axe
tony le gros rou
8:42 Feudal Age
12:23 Fletching
14:04 Padded Archer Armor
Connection lost

Rejoining the realm…

Still unreachable

The connection could not be restored.

Session expired

The server has moved on; the page needs a fresh start.